 Dungeon Crawl Stone Soup version 0.29.1-15-g9cfb28693d (webtiles) character file.

Game seed: 5881141731644010690

55 croobank the Firebug (level 3, -2/24 HPs)
             Began as a Demonspawn Fire Elementalist on Mar 21, 2023.
             Slain by Ijyb
             ... wielding a +0 club
              (4 damage)
             ... on level 3 of the Dungeon.
             The game lasted 00:05:42 (2200 turns).

croobank the Firebug (Demonspawn Fire Elementalist) Turns: 2200, Time: 00:05:43

Health: -2/24      AC:  2    Str:  8    XL:     3   Next: 67%
Magic:  1/6        EV: 12    Int: 18    God:
Gold:   134        SH:  0    Dex: 13    Spells: 3/6 levels left

rFire   + . .      SeeInvis .   m - +2 short sword (elec)
rCold   + . .      Faith    .   (no shield)
rNeg    . . .      Spirit   .   a - +0 robe
rPois   +          Reflect  .   (no helmet)
rElec   +          Harm     .   (no cloak)
rCorr   +          Rampage  .   (no gloves)
Will    .....                   (no boots)
Stlth   ++........              (no amulet)
HPRegen 0.08/turn               (no ring)
MPRegen 0.10/turn               (no ring)

@: brilliant, resistant, attractive, very slightly contaminated, invisible
(expiring), unable to read
A: powered by death 1, powered by pain 1, evolution 1, inability to read after
injury 1, MP-powered wands
a: no special abilities


You were on level 3 of the Dungeon.
You visited 1 branch of the dungeon, and saw 3 of its levels.

You collected 134 gold pieces.

Inventory:

Hand Weapons
 e - a +0 club
 m - a +2 short sword of electrocution (weapon)
 r - a +0 lajatang
Armour
 a - a +0 robe (worn)
Jewellery
 j - an amulet of faith
Scrolls
 g - a scroll of identify
 l - a scroll of noise
 n - a scroll of torment {unknown}
 p - a scroll of teleportation {unknown}
 q - a scroll of butterflies {unknown}
Potions
 c - 2 potions of brilliance


   Skills:
 + Level 2.2 Dodging
 + Level 2.3 Stealth
 + Level 2.4 Spellcasting
 + Level 1.7 Conjurations
 + Level 3.0 Fire Magic


You had 3 spell levels left.
You knew the following spells:

 Your Spells              Type           Power      Damage    Failure   Level
a - Foxfire               Conj/Fire      64%        2x1d7     6%          1
b - Scorch                Fire           38%        2d7       8%          2

Your spell library contained the following spells:

 Spells                   Type           Power      Damage    Failure   Level
 Freeze                   Ice            12%        1d4       17%         1
 Conjure Flame            Conj/Fire      16%        6-21      19%         3
 Inner Flame              Hex/Fire       11%        N/A       28%         3
 Frozen Ramparts          Ice            6%         1d1       45%         3
 Flame Wave               Conj/Fire      16%        2d7       54%         4
 Hailstorm                Conj/Ice       8%         3d4       75%         4
 Anguish                  Hex/Necr       1%         N/A       86%         4
 Enfeeble                 Hex            1%         N/A       100%        7
 Malign Gateway           Summ/Tloc      1%         N/A       100%        7
 Summon Horrible Things   Summ           1%         N/A       100%        8


Dungeon Overview and Level Annotations

Branches:
Dungeon (3/15)

Altars:

Annotations:
D:3 Ijyb


Innate Abilities, Weirdness & Mutations

You regenerate a little health from kills.
You sometimes gain a little power by taking damage.
You have hidden genetic potential.
You occasionally lose the ability to read scrolls when taking damage.
You expend magic power (3 MP) to strengthen your wands.


Message History

You feel a surge of power!
Flames lash the adder.
You kill the adder!
Ijyb misses you.
Casting: Scorch (safe; 8% risk of failure)
Confirm with . or Enter, or press ? or * to list all spells.
You don't have enough magic to cast this spell.
You hit Ijyb but do no damage.
Ijyb is heavily wounded.
Ijyb closely misses you.
You barely miss Ijyb.
Ijyb is heavily wounded.
Ijyb barely misses you.
You hit Ijyb.
Ijyb is severely wounded.
Ijyb closely misses you.
You closely miss Ijyb.
Ijyb is severely wounded.
Ijyb hits you with a +0 club.
You closely miss Ijyb.
Ijyb is severely wounded.
Ijyb hits you with a +0 club.
You feel threatened and lose the ability to read scrolls!
* * * LOW HITPOINT WARNING * * *
You barely miss Ijyb.
Ijyb is severely wounded.
Ijyb hits you with a +0 club.
* * * LOW HITPOINT WARNING * * *
Ijyb hits you with a +0 club.
* * * LOW HITPOINT WARNING * * *
You hit Ijyb but do no damage.
Ijyb is severely wounded.
You can read scrolls again.
Ijyb barely misses you.
As you read the scroll labelled MEERGH WODOAJ, it crumbles to dust.
It is a scroll of identify.
l - a scroll of noise You flicker for a moment.
Ijyb hits you with a +0 club.
You feel threatened and lose the ability to read scrolls!
You die...

#.......S#
............#
#######.......
#.###### #.#
#.# #g# #g#
#@# #.# #.#
#.# #.# #.#
#.######
#.....<#
########


You could see Ijyb (unable to see you) and a goblin (unable to see you).

Vanquished Creatures
  An adder (D:3)
  2 worms (D:2)
  5 ball pythons
  2 bats
  3 endoplasms
  2 goblins (D:1)
  A hobgoblin (D:2)
  6 jackals
  4 quokkas
  A frilled lizard (D:2)
  4 kobolds
  5 rats (D:1)
36 creatures vanquished.

Vanquished Creatures (others)
  86 foxfires
86 creatures vanquished.

Grand Total: 122 creatures vanquished

Notes
Turn   | Place    | Note
-------+----------+-------------------------------------------
     0 | D:1      | croobank the Demonspawn Fire Elementalist began the quest
                  | for the Orb.
     0 | D:1      | Reached XP level 1. HP: 13/13 MP: 3/3
   219 | D:1      | Gained mutation: You regenerate a little health from kills.
                  | [demonic ancestry]
   219 | D:1      | Reached XP level 2. HP: 19/19 MP: 0/5
   270 | D:1      | Learned a level 2 spell: Scorch
   911 | D:3      | Noticed Ijyb
  1073 | D:1      | Gained mutation: You sometimes gain a little power by
                  | taking damage. [demonic ancestry]
  1073 | D:1      | Reached XP level 3. HP: 24/24 MP: 3/6
  1596 | D:2      | Reached skill level 3 in Fire Magic
  2184 | D:3      | Gained mutation: You have hidden genetic potential. [potion
                  | of mutation]
  2184 | D:3      | Gained mutation: You occasionally lose the ability to read
                  | scrolls when taking damage. [potion of mutation]
  2184 | D:3      | Gained mutation: You expend magic power (3 MP) to
                  | strengthen your wands. [potion of mutation]
  2200 | D:3      | Slain by Ijyb

Illustrated notes

Levels and vault maps discovered:
D:1:      scummos_arrival_checkerplants, layout_rooms,
          dreamdust_mushroom_princess
D:2:      layout_rooms, serial_co_window_serial, co_window_corner_a,
          co_window_paths_a, co_window_paths_b, co_window_of_opportunity_a,
          co_window_of_opportunity_a, co_window_of_opportunity_a,
          co_window_paths_a, co_window_broadway_c, co_window_corner_b,
          co_window_2corner, co_window_broadway_a, co_window_4corner_a,
          co_window_4corner_b, solitary_fountain
D:3:      layout_basic, palyth_temple_overflow_mages,
          nicolae_overflow_crystal_walls, dreamdust_ecumenical_altar_statues,
          uniq_ijyb, uniq_robin, uniq_grinder

Skill      XL: |  1  2  3 |
---------------+----------+-----
Dodging        | 2 |  2.2
Stealth        | 2 |  2.3
Fire Magic     | 3 |  3.0
Spellcasting   | |  2.4
Conjurations   | |  1.7

Action                   || total
-------------------------++-------
Melee: Club              ||    14
       Short sword       ||    14
 Cast: Foxfire           ||    48
       Scorch            ||    20
  Use: Potion            ||     8
       Scroll            ||     1
Armor: Robe              ||     4
Dodge: Dodged            ||    30
